 Dungeon Crawl Stone Soup version 0.32-a0-876-gcfddb08e57 (webtiles) character file.

Game seed: 11103907233060226275

2427 Gunch the Cleaver (level 9, -1/83 HPs)
             Began as a Minotaur Berserker on Apr 19, 2022.
             Was a Priest of Trog.
             Slain by a manticore (3 damage)
             ... on level 7 of the Dungeon on Mar 31, 2024.
             The game lasted 00:15:14 (6285 turns).

Gunch the Cleaver (Minotaur Berserker)              Turns: 6285, Time: 00:15:14

Health: -1/83      AC: 12    Str: 23    XL:     9   Next: 24%
Magic:  8/8        EV: 14    Int:  6    God:    Trog [***...]
Gold:   279        SH:  7    Dex: 11    Spells: 8/8 levels left

rFire   + . .        a - +4 spear
rCold   . . .        v - +0 kite shield
rNeg    . . .        D - +0 acid dragon scales
rPois   .            (helmet restricted)
rElec   .            k - +1 cloak
rCorr   +            z - +0 pair of gloves
SInv    .            g - +1 pair of boots
Will    ++...        e - amulet of regeneration
Stlth   +            d - ring of protection from fire
HPRegen 2.13/turn    i - +5 ring of evasion
MPRegen 0.11/turn

%: no passive effects
@: lethally poisoned (-1 -> -3), strong-willed, on berserk cooldown,
regenerating, slowed, very slow
A: horns 2, retaliatory headbutt
a: Renounce Religion, Berserk, Trog's Hand


You were on level 7 of the Dungeon.
You worshipped Trog.
Trog was most pleased with you.
You visited 1 branch of the dungeon, and saw 7 of its levels.

You collected 279 gold pieces.

Inventory:

Hand Weapons
 a - a +4 spear (weapon)
 b - a +1 dagger of venom
 c - a +0 hand axe
Missiles
 s - a throwing net (quivered)
Armour
 g - a +1 pair of boots (worn)
 k - a +1 cloak (worn)
 v - a +0 kite shield (worn)
 z - a +0 pair of gloves (worn)
 D - +0 acid dragon scales (worn)
Jewellery
 d - a ring of protection from fire (left hand)
 e - an amulet of regeneration (around neck)
 i - a +5 ring of evasion (right hand)
 o - a +6 ring of intelligence
 q - a ring of poison resistance
Wands
 m - a wand of charming (10)
 p - a wand of warping (11)
 t - a wand of light (6)
 C - a wand of flame (22)
Scrolls
 f - 3 scrolls of fog
 h - 2 scrolls of immolation
 w - a scroll of brand weapon
 x - a scroll of revelation
 y - a scroll of fear
 A - a scroll of identify
Potions
 j - 2 potions of mutation
 l - 2 potions of heal wounds {unknown}
 n - 2 potions of might
 u - 2 potions of curing
 B - a potion of invisibility {unknown}


   Skills:
 + Level 9.1 Fighting
 * Level 12.1 Axes
 + Level 3.4 Armour
 + Level 3.0 Dodging
 + Level 2.1 Shields


You had 8 spell levels left.
You didn't know any spells.
Your spell library was empty.

Dungeon Overview and Level Annotations

Branches:
Dungeon (7/15)             Temple (0/1) D:5

Altars:
Cheibriados

Shops:
D:4 ([!*[


Innate Abilities, Weirdness & Mutations

You have a pair of horns on your head.
You reflexively headbutt those who attack you in melee.


Message History

You feel as though you will be slow longer.
You completely miss the hornet. You headbutt the hornet!
The hornet is heavily wounded.
You feel sick. The manticore completely misses you. You furiously retaliate!
You headbutt the manticore. The manticore closely misses you.
The manticore claws you but does no damage.
A kobold comes into view. It is wielding a +0 whip.
Something hits you.
* * * LOW HITPOINT WARNING * * *
You block something's attack. You block the hornet's attack.
The orc warrior barely misses you.
You closely miss the hornet.
The hornet is heavily wounded.
The kobold shouts!
The hornet misses you. The manticore barely misses you.
The manticore claws you but does no damage. x2
An orc comes into view. It is wielding a +0 hand axe.
The orc wizard gestures at you while chanting.
The magic dart hits something but does no damage.
The orc throws a javelin.
The javelin closely misses you. Something hits you.
* * * LOW HITPOINT WARNING * * *
Something bites you!
* * * LOW HITPOINT WARNING * * *
Something draws strength from your injuries!
The orc warrior misses you.
You are too berserk!
Okay, then.
You are too berserk!
You are too berserk!
You puncture the manticore!
The manticore is severely wounded.
You are no longer berserk.
You are exhausted.
You feel as though you will be slow longer.
You feel sick. The hornet stings you.
* * * LOW HITPOINT WARNING * * *
You are lethally poisoned!
You feel as though you will be slow longer.
The manticore bites you.
You die...

# .........# #.#
.#.##.......## #.#
.............# #.#
#...........###)#####
#.............)).....
#
##.###....####.####.
... ##...##.#### #.#
#.
....#..y..#.#######.#
#.
.y.....#@...........#
#. #.o{Ho#.#########
#. ##oKs##.# ####.
##.###.# ##.... ....
..# ##.###. #o### #.#
##.## ## ... #.# #.##
# .o# ..######.# ..
........## #


You could see a manticore (very poisoned), a hornet, an orc warrior, a scorpion,
an orc wizard, 2 orcs and a kobold.

Vanquished Creatures
  Maggie (D:7)
  A water moccasin (D:6)
  A sky beast (D:7)
  An ice beast (D:5)
  3 black bears (D:6)
  An ogre (D:6)
  2 phantoms (D:4)
  A kobold brigand (D:6)
  2 bullfrogs
  3 scorpions
  3 wights (D:7)
  A howler monkey (D:6)
  A bombardier beetle (D:4)
  4 hounds
  4 orc priests
  Crazy Yiuf (D:2)
  A jelly (D:5)
  A sleepcap (D:5)
  Terence (D:3)
  5 orc wizards
  7 gnolls (D:5)
  12 adders
  2 shadow imps (D:5)
  3 white imps
  2 dart slugs
  4 ribbon worms
  23 orcs
  3 bats
  6 endoplasms
  2 giant cockroaches
  4 goblins
  5 hobgoblins
  8 kobolds
  3 quokkas
  8 ball pythons
  3 frilled lizards
  10 rats
143 creatures vanquished.

Notes
Turn   | Place    | Note
-------+----------+-------------------------------------------
     0 | D:1      | Gunch the Minotaur Berserker began the quest for the Orb.
     0 | D:1      | Reached XP level 1. HP: 19/19 MP: 0/0
     2 | D:1      | Noticed a vampire
     2 | D:1      | Noticed a draconian
     4 | D:1      | Noticed a formicid
     4 | D:1      | Noticed a troll
     7 | D:1      | Noticed a demigod
     9 | D:1      | Noticed a ghoul
     9 | D:1      | Noticed an ogre
    11 | D:1      | Noticed a dwarf
    13 | D:1      | Noticed a merfolk
    13 | D:1      | Noticed a felid
    15 | D:1      | Noticed a human
    15 | D:1      | Noticed an octopode
    17 | D:1      | Noticed a naga
    19 | D:1      | Noticed a minotaur
    19 | D:1      | Noticed a tengu
    21 | D:1      | Noticed a vine stalker
    21 | D:1      | Noticed an elf
    23 | D:1      | Noticed a demonspawn
    25 | D:1      | Noticed a spriggan
    27 | D:1      | Noticed a gargoyle
   151 | D:1      | Reached skill level 4 in Axes
   323 | D:1      | Reached XP level 2. HP: 20/27 MP: 1/1
   675 | D:1      | Upgraded the game from 0.29-a0-340-g6efceafd81 to
                  | 0.32-a0-876-gcfddb08e57
  1354 | D:2      | Found a faded altar of an unknown god.
  1552 | D:2      | Reached XP level 3. HP: 33/33 MP: 2/2
  1666 | D:2      | Reached skill level 5 in Axes
  1668 | D:2      | Found a snail-covered altar of Cheibriados.
  1707 | D:2      | Found a runed translucent door.
  1708 | D:2      | Noticed Crazy Yiuf
  2054 | D:2      | Killed Crazy Yiuf
  2055 | D:2      | Reached XP level 4. HP: 41/41 MP: 3/3
  2172 | D:3      | Reached skill level 5 in Fighting
  2173 | D:3      | Reached skill level 6 in Axes
  2176 | D:3      | Reached XP level 5. HP: 37/48 MP: 4/4
  2724 | D:3      | Reached ** piety under Trog
  2809 | D:3      | Noticed Terence
  2815 | D:3      | Killed Terence
  3229 | D:4      | Noticed a phantom
  3235 | D:4      | Found Athraefaa's Antique Armour Boutique.
  3389 | D:4      | Found Quomaomi's Distillery.
  3473 | D:4      | Found Orirogau's Armour Boutique.
  3487 | D:4      | You fall into a shaft and drop 3 floors!
  3527 | D:7      | Reached XP level 6. HP: 56/56 MP: 5/5
  3573 | D:6      | Reached skill level 7 in Axes
  3574 | D:5      | Entered Level 5 of the Dungeon
  3804 | D:5      | Reached skill level 8 in Axes
  3822 | D:5      | Reached XP level 7. HP: 56/63 MP: 6/6
  4142 | D:5      | Found a staircase to the Ecumenical Temple.
  4202 | D:4      | Reached skill level 9 in Axes
  4269 | D:4      | Reached *** piety under Trog
  4442 | D:4      | Found Veluzori's Assorted Antiques.
  4727 | D:4      | Found Ohinlum's Weapon Shoppe.
  4915 | D:4      | Reached XP level 8. HP: 73/73 MP: 7/7
  5318 | D:6      | Reached skill level 10 in Axes
  5485 | D:6      | Reached skill level 11 in Axes
  6072 | D:7      | Noticed Maggie
  6090 | D:7      | Killed Maggie
  6091 | D:7      | Reached skill level 1 in Shields
  6091 | D:7      | Reached XP level 9. HP: 82/82 MP: 8/8
  6237 | D:7      | Reached skill level 12 in Axes
  6262 | D:7      | Noticed a manticore
  6284 | D:7      | HP: 6/124 [something (10)]
  6285 | D:7      | HP: 2/83 [hornet (3)]
  6285 | D:7      | Slain by a manticore

Illustrated notes

Levels and vault maps discovered:
D:1:      kb_arrival_jail, layout_loops_corners
D:2:      layout_loops_cross, nicolae_ecumenical_oubliette, basic_altar,
          dreamdust_mushroom_princess, kennysheep_potato,
          uniq_crazy_yiuf_cottage
D:3:      layout_basic, uniq_terence
D:4:      layout_basic, portal_sewer_entry_b, serial_shops,
          nicolae_shop_hallway_plus, shop, shop, shop, shop
D:5:      layout_basic, minmay_temple_entry_offerings
D:6:      layout_layer_cave, minivault_27, amcnicky_mini_corridor_feature
D:7:      layout_loops_ring, gammafunk_ghost_nasty_kobolds,
          minmay_chambers_of_fives, uniq_maggie

Skill      XL: |  1  2  3  4  5  6  7  8  9 |
---------------+----------------------------+-----
Axes           | 4 5 6 8 9 11 12 | 12.1
Fighting       | 4 5 6 7 8 9 |  9.1
Shields        | 1 2 |  2.1
Armour         | 3 |  3.4
Dodging        | 3 |  3.0

Action                     |  1- 3 |  4- 6 |  7- 9 || total
---------------------------+-------+-------+-------++-------
  Melee: Hand axe          |    62 |       |       ||    62
         Headbutt          |    11 |    20 |    55 ||    86
         Quarterstaff      |       |    17 |       ||    17
         Dagger            |       |    96 |   152 ||   248
         Spear             |       |       |    92 ||    92
 Invoke: Berserk           |     2 |     3 |     2 ||     7
         Trog's Hand       |       |       |     1 ||     1
    Use: Scroll            |     3 |     4 |     5 ||    12
 Armour: Animal skin       |    12 |       |       ||    12
         Leather armour    |    13 |    23 |       ||    36
         Ring mail         |       |    26 |   139 ||   165
         Acid dragon scale |       |       |    46 ||    46
  Dodge: Dodged            |    43 |    86 |   188 ||   317
  Block: Kite shield       |       |       |    72 ||    72

Table legend: (Time is in decaauts)
 A = Elapsed time spent in this place.
 B = Non-inter-level travel time spent in this place.
 C = Inter-level travel time spent in this place.
 D = Time resting spent in this place.
 E = Time spent auto-exploring this place.
 F = Levels seen in this place.
 G = Mean time per level.
                   A        B        C        D        E       F      G
               +--------+--------+--------+--------+--------+-----+--------+
         Total |   6342 |   5958 |    384 |    352 |   4265 |   7 |  906.0 |
       Dungeon |   6342 |   5958 |    384 |    352 |   4265 |   7 |  906.0 |
               +--------+--------+--------+--------+--------+-----+--------+

Top non-repeatable levels by time:
     D:1: 1400 daAuts
     D:3: 1100 daAuts
     D:4: 1037 daAuts
     D:5: 976 daAuts
     D:6: 782 daAuts
     D:2: 749 daAuts
     D:7: 295 daAuts
